SL
BROOKLYN DODGERS @ ROCKY MOUNTAIN NUGGETS
08/09/2028
 
TOP OF THE 1ST
Brooklyn Dodgers batting - Pitching for Rocky Mountain Nuggets : RHP Ismael Barrios
Pitching: RHP Ismael Barrios
Batting: RHB Vincent Crane 0-0: Ball
1-0: Called Strike
1-1: Ball
2-1: Ball
3-1: Called Strike
3-2: SINGLE (Line Drive, 4D)
Batting: LHB Ki-tak Im 0-0: Ball
1-0: Grounds out, U3 (Groundball, 3L)
Batting: LHB Mysterious Walker 0-0: SINGLE (Groundball, 4MD)
Vincent Crane to third
Runner from 3rd tries for Home, SAFE, no throw
Batting: LHB Avon Barksdale 0-0: Called Strike
0-1: Ball
1-1: Called Strike
1-2: Ball
2-2: Ball
3-2: SINGLE (Line Drive, 89M)
Mysterious Walker to second
Mysterious Walker to third
Batting: SHB Juan Rivas 0-0: Foul Ball, location: 2F
0-1: Ball
1-1: Ball
2-1: Ball
3-1: Foul Ball, location: 2F
3-2: Foul Ball, location: 2F
3-2: Foul Ball, location: 2F
3-2: SINGLE (Line Drive, 56)
Mysterious Walker scores
Avon Barksdale to second
Batting: RHB Oliver Aranda 0-0: Called Strike
0-1: Swinging Strike
0-2: Reached on error, E4 (Groundball, 4M)
Avon Barksdale to third
Juan Rivas to second
Batting: RHB Brent Ryan 0-0: Foul Ball, location: 2F
0-1: Foul Ball, location: 2F
0-2: Ball
1-2: Ball
2-2: Foul Ball, location: 2F
2-2: Ball
3-2: Foul Ball, location: 2F
3-2: Fly out, F7 (Flyball, 78D)
Runner from 3rd tags up, OUT at HOME
Top of the 1st over - 2 run(s), 4 hit(s), 1 error(s), 2 left on base; Brooklyn 2 - Rocky Mountain 0
BOTTOM OF THE 1ST
Rocky Mountain Nuggets batting - Pitching for Brooklyn Dodgers : RHP Scott Woodger
Pitching: RHP Scott Woodger
Batting: RHB Javier Martínez 0-0: Ball
1-0: Ground out 6-3 (Groundball, 6)
Batting: LHB Roberto Salazar 0-0: Ball
1-0: Ground out 6-3 (Groundball, 6)
Batting: RHB Iván Vega 0-0: Called Strike
0-1: Foul Ball, location: 2F
0-2: Strikes out looking
Bottom of the 1st over - 0 run(s), 0 hit(s), 0 error(s), 0 left on base; Brooklyn 2 - Rocky Mountain 0
TOP OF THE 2ND
Brooklyn Dodgers batting - Pitching for Rocky Mountain Nuggets : RHP Ismael Barrios
Batting: RHB Gustavo Mateo 0-0: Ball
1-0: Reached on error, E6 (Groundball, 6)
Batting: RHB Gerald Clark 0-0: Called Strike
0-1: Ball
1-1: Ground out 5-3 (Groundball, 56S)
Gustavo Mateo to third
Batting: RHB Vincent Crane 0-0: Ball
1-0: Foul Ball, location: 2F
1-1: Ball
2-1: Called Strike
2-2: Strikes out swinging, 2-3 out at first.
Batting: LHB Ki-tak Im 0-0: SINGLE (Flyball, 89S)
Gustavo Mateo scores
Batting: LHB Mysterious Walker 0-0: Called Strike
0-1: SINGLE (Groundball, 4D)
Ki-tak Im to second
Runner from 2nd tries for 3rd, SAFE, throw made to third
Batting: LHB Avon Barksdale 0-0: Ball
1-0: SINGLE (Groundball, 4D)
Ki-tak Im scores
Mysterious Walker to second
Runner from 2nd tries for 3rd, SAFE, throw made to third
Avon Barksdale to second
Batting: SHB Juan Rivas 0-0: Ball
1-0: Ball
2-0: Fly out, F7 (Flyball, 78D)
Top of the 2nd over - 2 run(s), 3 hit(s), 1 error(s), 2 left on base; Brooklyn 4 - Rocky Mountain 0
BOTTOM OF THE 2ND
Rocky Mountain Nuggets batting - Pitching for Brooklyn Dodgers : RHP Scott Woodger
Batting: RHB Ron Ward 0-0: Foul Ball, location: 2F
0-1: Ball
1-1: Fly out, F8 (Flyball, 8LS)
Batting: LHB Chia-ch'ing Dodman 0-0: Foul Ball, location: 2F
0-1: Ground out 4-3 (Groundball, 4)
Batting: RHB José Carlos Pérez 0-0: Called Strike
0-1: Ball
1-1: Ground out 6-3 (Groundball, 6)
Bottom of the 2nd over - 0 run(s), 0 hit(s), 0 error(s), 0 left on base; Brooklyn 4 - Rocky Mountain 0
TOP OF THE 3RD
Brooklyn Dodgers batting - Pitching for Rocky Mountain Nuggets : RHP Ismael Barrios
Batting: RHB Oliver Aranda 0-0: Ball
1-0: Called Strike
1-1: Foul Ball, location: 2F
1-2: Strikes out looking
Batting: RHB Brent Ryan 0-0: SINGLE (Groundball, 6D)
Batting: RHB Gustavo Mateo 0-0: Ball
1-0: Fly out, F8 (Line Drive, 8LM)
Batting: RHB Gerald Clark 0-0: Ball
1-0: Ball
2-0: Ball
3-0: Base on Balls
Brent Ryan to second
Batting: RHB Vincent Crane 0-0: Called Strike
0-1: Ball
1-1: Foul Ball, location: 2F
1-2: Ball
2-2: Foul Ball, location: 2F
2-2: Strikes out swinging
Top of the 3rd over - 0 run(s), 1 hit(s), 0 error(s), 2 left on base; Brooklyn 4 - Rocky Mountain 0
BOTTOM OF THE 3RD
Rocky Mountain Nuggets batting - Pitching for Brooklyn Dodgers : RHP Scott Woodger
Batting: RHB Wes Shannon 0-0: Ground out 6-3 (Groundball, 6)
Batting: LHB Randy Bowen 0-0: Ball
1-0: Ball
2-0: Called Strike
2-1: Foul Ball, location: 2F
2-2: Ball
3-2: Ground out 4-3 (Groundball, 4)
Batting: RHB Sergio Martínez 0-0: Ball
1-0: SINGLE (Line Drive, 7S)
Batting: RHB Javier Martínez 0-0: Fielders Choice at 2nd, 5-4 (Groundball, 56)
Bottom of the 3rd over - 0 run(s), 1 hit(s), 0 error(s), 0 left on base; Brooklyn 4 - Rocky Mountain 0
TOP OF THE 4TH
Brooklyn Dodgers batting - Pitching for Rocky Mountain Nuggets : RHP Ismael Barrios
Batting: LHB Ki-tak Im 0-0: Ball
1-0: Ball
2-0: Called Strike
2-1: Fly out, F8 (Flyball, 8RM)
Batting: LHB Mysterious Walker 0-0: Called Strike
0-1: Swinging Strike
0-2: Strikes out looking
Batting: LHB Avon Barksdale 0-0: Called Strike
0-1: Swinging Strike
0-2: Ball
1-2: Strikes out looking
Top of the 4th over - 0 run(s), 0 hit(s), 0 error(s), 0 left on base; Brooklyn 4 - Rocky Mountain 0
BOTTOM OF THE 4TH
Rocky Mountain Nuggets batting - Pitching for Brooklyn Dodgers : RHP Scott Woodger
Batting: LHB Roberto Salazar 0-0: Called Strike
0-1: Ball
1-1: Called Strike
1-2: Ground out 6-3 (Groundball, 6M)
Batting: RHB Iván Vega 0-0: Ball
1-0: Foul Ball, location: 2F
1-1: Swinging Strike
1-2: Strikes out looking
Batting: RHB Ron Ward 0-0: Ball
1-0: Foul Ball, location: 2F
1-1: Foul Ball, location: 2F
1-2: Strikes out swinging
Bottom of the 4th over - 0 run(s), 0 hit(s), 0 error(s), 0 left on base; Brooklyn 4 - Rocky Mountain 0
TOP OF THE 5TH
Brooklyn Dodgers batting - Pitching for Rocky Mountain Nuggets : RHP Ismael Barrios
Batting: SHB Juan Rivas 0-0: Ball
1-0: Swinging Strike
1-1: Ball
2-1: Reached on error, E3 (Groundball, 3)
Batting: RHB Oliver Aranda 0-0: Bunted foul
0-1: Ball
Juan Rivas steals 2nd base
1-1: Sac Bunt - play at first, batter OUT! 2-4
Juan Rivas to third
Batting: RHB Brent Ryan 0-0: Ball
1-0: Fly out, F8 (Line Drive, 78M)
Runner from 3rd tags up, SCORES, no throw
Batting: RHB Gustavo Mateo 0-0: SINGLE (Groundball, 6MD)
Batting: RHB Gerald Clark 0-0: Swinging Strike
0-1: SINGLE (Groundball, 6MD)
Gustavo Mateo to second
Batting: RHB Vincent Crane 0-0: Called Strike
0-1: Fielders Choice at 2nd, 6-4 (Groundball, 6)
Top of the 5th over - 1 run(s), 2 hit(s), 1 error(s), 1 left on base; Brooklyn 5 - Rocky Mountain 0
BOTTOM OF THE 5TH
Rocky Mountain Nuggets batting - Pitching for Brooklyn Dodgers : RHP Scott Woodger
Batting: LHB Chia-ch'ing Dodman 0-0: Called Strike
0-1: Called Strike
0-2: Strikes out swinging
Batting: RHB José Carlos Pérez 0-0: Ball
1-0: Foul Ball, location: 2F
1-1: Ground out 6-3 (Groundball, 56)
Batting: RHB Wes Shannon 0-0: Ball
1-0: Ball
2-0: Called Strike
2-1: Swinging Strike
2-2: Strikes out swinging
Bottom of the 5th over - 0 run(s), 0 hit(s), 0 error(s), 0 left on base; Brooklyn 5 - Rocky Mountain 0
TOP OF THE 6TH
Brooklyn Dodgers batting - Pitching for Rocky Mountain Nuggets : RHP Ismael Barrios
Batting: LHB Ki-tak Im 0-0: Ball
1-0: Ground out 1-3 (Groundball, 13)
Batting: LHB Mysterious Walker 0-0: Ball
1-0: Ball
2-0: SINGLE (Groundball, 2L) (infield hit)
Batting: LHB Avon Barksdale 0-0: Called Strike
0-1: Fly out, F6 (Popup, 6D)
Pitching: RHP Dennis Brown
Batting: SHB Juan Rivas 0-0: Ball
1-0: Foul Ball, location: 2F
1-1: 2-RUN HOME RUN (Line Drive, 9LD), Distance : 357 ft
Batting: RHB Oliver Aranda 0-0: Called Strike
0-1: Swinging Strike
0-2: SOLO HOME RUN (Flyball, 78XD), Distance : 414 ft
Batting: RHB Brent Ryan 0-0: Called Strike
0-1: Ball
1-1: Fly out, F6 (Popup, 56)
Top of the 6th over - 3 run(s), 3 hit(s), 0 error(s), 0 left on base; Brooklyn 8 - Rocky Mountain 0
BOTTOM OF THE 6TH
Rocky Mountain Nuggets batting - Pitching for Brooklyn Dodgers : RHP Scott Woodger
Batting: LHB Randy Bowen 0-0: Called Strike
0-1: Ball
1-1: Ground out 4-3 (Groundball, 4)
Batting: RHB Sergio Martínez 0-0: Ground out 6-3 (Groundball, 6)
Batting: RHB Javier Martínez 0-0: Ball
1-0: Foul Ball, location: 2F
1-1: Ground out 6-3 (Groundball, 6)
Bottom of the 6th over - 0 run(s), 0 hit(s), 0 error(s), 0 left on base; Brooklyn 8 - Rocky Mountain 0
TOP OF THE 7TH
Brooklyn Dodgers batting - Pitching for Rocky Mountain Nuggets : RHP Dennis Brown
Batting: RHB Gustavo Mateo 0-0: Ball
1-0: Foul Ball, location: 2F
1-1: Foul Ball, location: 2F
1-2: Ball
2-2: Strikes out swinging
Batting: RHB Gerald Clark 0-0: Ball
1-0: Ball
2-0: Called Strike
2-1: Foul Ball, location: 2F
2-2: Ground out 6-3 (Groundball, 6)
Batting: RHB Vincent Crane 0-0: Fly out, F8 (Flyball, 89M)
Top of the 7th over - 0 run(s), 0 hit(s), 0 error(s), 0 left on base; Brooklyn 8 - Rocky Mountain 0
BOTTOM OF THE 7TH
Rocky Mountain Nuggets batting - Pitching for Brooklyn Dodgers : RHP Scott Woodger
Batting: LHB Roberto Salazar 0-0: Foul Ball, location: 2F
0-1: Ball
1-1: DOUBLE (Line Drive, 78M)
Batting: RHB Iván Vega 0-0: Foul Ball, location: 2F
0-1: Called Strike
0-2: SINGLE (Flyball, 8LS)
Roberto Salazar to third
Runner from 3rd tries for Home, SAFE, no throw
Batting: RHB Ron Ward 0-0: Called Strike
0-1: Foul Ball, location: 2F
0-2: Ball
1-2: DOUBLE (Line Drive, 78D)
Iván Vega to third
Runner from 3rd tries for Home, SAFE, no throw
Batting: LHB Chia-ch'ing Dodman 0-0: Fly out, F9 (Flyball, 89M)
Batting: RHB José Carlos Pérez 0-0: SINGLE (Line Drive, 34)
Ron Ward to third
Batting: RHB Wes Shannon 0-0: Ground out 5-3 (Groundball, 56S)
Ron Ward scores
José Carlos Pérez to second
Batting: LHB Randy Bowen 0-0: Called Strike
0-1: Ball
1-1: Swinging Strike
1-2: Ball
2-2: Ball
3-2: Strikes out swinging
Bottom of the 7th over - 3 run(s), 4 hit(s), 0 error(s), 1 left on base; Brooklyn 8 - Rocky Mountain 3
TOP OF THE 8TH
Brooklyn Dodgers batting - Pitching for Rocky Mountain Nuggets : RHP Dennis Brown
Batting: LHB Ki-tak Im 0-0: Foul Ball, location: 2F
0-1: Called Strike
0-2: Ball
1-2: Strikes out swinging
Batting: LHB Mysterious Walker 0-0: Called Strike
0-1: Ball
1-1: Ball
2-1: Ball
3-1: Base on Balls
Batting: LHB Avon Barksdale 0-0: Ball
1-0: Called Strike
1-1: Foul Ball, location: 2F
1-2: Ball
2-2: Ball
3-2: Foul Ball, location: 2F
3-2: Base on Balls
Mysterious Walker to second
Batting: SHB Juan Rivas 0-0: Ball
1-0: Called Strike
1-1: Foul Ball, location: 2F
1-2: Strikes out swinging
Batting: RHB Oliver Aranda 0-0: Swinging Strike
0-1: Ball
1-1: Foul Ball, location: 2F
1-2: Strikes out swinging
Top of the 8th over - 0 run(s), 0 hit(s), 0 error(s), 2 left on base; Brooklyn 8 - Rocky Mountain 3
BOTTOM OF THE 8TH
Rocky Mountain Nuggets batting - Pitching for Brooklyn Dodgers : RHP Scott Woodger
Batting: RHB Sergio Martínez 0-0: Fly out, F8 (Flyball, 8RS)
Batting: RHB Javier Martínez 0-0: Swinging Strike
0-1: Ball
1-1: Ball
2-1: Foul Ball, location: 2F
2-2: Strikes out swinging
Batting: LHB Roberto Salazar 0-0: Ball
1-0: Foul Ball, location: 2F
1-1: Ball
2-1: Ground out U3 (Groundball, 3)
Bottom of the 8th over - 0 run(s), 0 hit(s), 0 error(s), 0 left on base; Brooklyn 8 - Rocky Mountain 3
TOP OF THE 9TH
Brooklyn Dodgers batting - Pitching for Rocky Mountain Nuggets : RHP Dennis Brown
Batting: RHB Brent Ryan 0-0: Called Strike
0-1: Foul Ball, location: 2F
0-2: Ball
1-2: Foul Ball, location: 2F
1-2: Fly out, F7 (Flyball, 7LS)
Batting: RHB Gustavo Mateo 0-0: Swinging Strike
0-1: SINGLE (Line Drive, 6MD)
Batting: RHB Gerald Clark 0-0: Called Strike
0-1: Ball
1-1: Called Strike
1-2: Reached on error, E5 (Groundball, 56)
Gustavo Mateo to second
Batting: RHB Vincent Crane 0-0: Ball
1-0: Swinging Strike
1-1: Ball
2-1: Foul Ball, location: 2F
2-2: Foul Ball, location: 2F
2-2: Foul Ball, location: 2F
2-2: Foul Ball, location: 2F
2-2: Ball
3-2: Strikes out looking
Gerald Clark steals 2nd base
Batter strikes out.
Gustavo Mateo to third
Pitching: RHP Elton Mobley
Batting: LHB Ki-tak Im 0-0: Called Strike
0-1: Ball
1-1: Ball
2-1: Called Strike
2-2: Ball
3-2: Base on Balls
Batting: LHB Mysterious Walker 0-0: Called Strike
0-1: Swinging Strike
0-2: Ball
1-2: Ball
2-2: Ball
3-2: GRAND SLAM HOME RUN (Flyball, 9D), Distance : 392 ft
Batting: LHB Avon Barksdale 0-0: Ground out 4-3 (Groundball, 4MS)
Top of the 9th over - 4 run(s), 2 hit(s), 1 error(s), 0 left on base; Brooklyn 12 - Rocky Mountain 3
BOTTOM OF THE 9TH
Rocky Mountain Nuggets batting - Pitching for Brooklyn Dodgers : RHP Scott Woodger
Batting: RHB Iván Vega 0-0: Ball
1-0: Ball
2-0: SINGLE (Line Drive, 78S)
Batting: RHB Ron Ward 0-0: Called Strike
0-1: Ball
1-1: Foul Ball, location: 2F
1-2: Foul Ball, location: 2F
1-2: DOUBLE (Flyball, 8RXD)
Iván Vega to third
Batting: LHB Chia-ch'ing Dodman 0-0: Ball
1-0: Ball
2-0: Called Strike
2-1: Fly out, F8 (Flyball, 8LS)
Runner from 3rd tags up, SCORES, no throw
Pitching: LHP Sjaak Bonne
Batting: RHB José Carlos Pérez 0-0: Ball
1-0: Ball
2-0: SINGLE (Groundball, 56D)
Ron Ward to third
Batting: RHB Wes Shannon 0-0: Called Strike
0-1: Swinging Strike
0-2: Ball
1-2: Ball
2-2: Strikes out swinging
Batting: LHB Randy Bowen 0-0: Called Strike
0-1: Ball
1-1: Swinging Strike
1-2: Strikes out looking
Bottom of the 9th over - 1 run(s), 3 hit(s), 0 error(s), 2 left on base; Brooklyn 12 - Rocky Mountain 4
Wednesday, August 23rd, 2017 - OOTP Baseball 17.12 Build 75